 Dungeon Crawl Stone Soup version 0.28-b1-25-g9875b3fc8c (webtiles) character file.

Game seed: 322547523592200230

21 dorian the Skirmisher (level 2, 25/25 HPs)
             Began as a Palentonga Fighter on Feb 4, 2022.
             Was a Follower of Vehumet.
             Got out of the dungeon alive.
             The game lasted 00:00:55 (705 turns).

dorian the Skirmisher (Palentonga Fighter)           Turns: 705, Time: 00:00:55

Health: 25/25      AC:  6    Str: 19    XL:     2   Next: 62%
Magic:  2/2        EV:  7    Int:  8    God:    Vehumet [*.....]
Gold:   74         SH:  4    Dex:  9    Spells: 1/1 levels left

rFire   . . .      SeeInvis +   a - +0 war axe
rCold   . . .      Faith    .   c - +0 buckler
rNeg    . . .      Spirit   .   b - +0 scale mail
rPois   .          Reflect  .   (no helmet)
rElec   .          Harm     .   (no cloak)
rCorr   .          Rampage  .   (no gloves)
Will    .....                   (no barding)
Stlth   ..........              (no amulet)
HPRegen 0.08/turn               (no ring)
MPRegen 0.08/turn               (no ring)

@: no status effects
A: large, rugged brown scales 3, see invisible, deformed body, roll 1, armoured
tail
a: Rolling Charge, Renounce Religion


You escaped.
You worshipped Vehumet.
Vehumet was aware of your devotion.
You visited 1 branch of the dungeon, and saw 1 of its levels.

You collected 74 gold pieces.

Inventory:

Hand Weapons
 a - a +0 war axe (weapon)
Armour
 b - a +0 scale mail (worn)
 c - a +0 buckler (worn)
Scrolls
 e - 2 scrolls of identify {unknown}
 f - a scroll of immolation {unknown}
 g - a scroll of teleportation {unknown}
Potions
 d - a potion of might


   Skills:
 + Level 3.2 Fighting
 + Level 2.3 Axes
 + Level 2.6 Armour
 + Level 2.6 Shields


You had one spell level left.
You didn't know any spells.
Your spell library was empty.

Dungeon Overview and Level Annotations

Branches:
Dungeon (1/15)

Altars:
Vehumet


Innate Abilities, Weirdness & Mutations

You are completely covered in rugged brown scales. (AC +3, +7% HP)
You have supernaturally acute eyesight. (SInv)
Armour fits poorly on your strangely shaped body.
You can roll at nearby foes to attack.
You have a long armoured tail.


Message History

There is an open door here.
You now have 74 gold pieces (gained 10).
There is an open door here.
As you open the door, it creaks loudly!
A ball python comes into view.
The ball python hisses angrily.
You block the ball python's attack.
Found 22 sling bullets.
A ball python is nearby!
A ball python is nearby!
A ball python is nearby!
A ball python is nearby!
A ball python is nearby!
You barely miss the ball python.
The ball python bites you but does no damage.
The ball python bites you.
You closely miss the ball python. The ball python barely misses you.
You slash the ball python!
You kill the ball python!
No target in view!
No target in view!
No target in view!
You see here a ball python corpse.
There is a faded altar of an unknown god here.
You cannot tell which god this altar belongs to.
Convert to them anyway?
Okay, then.
You cannot tell which god this altar belongs to.
Convert to them anyway?
Vehumet accepts your prayer! Vehumet welcomes you!
You can now gain magical power from killing.
Vehumet offers you knowledge of Shock.
Saving game... please wait.
Welcome back, dorian the Palentonga Fighter.
Vehumet says: Let it end in hellfire!
Press ? for a list of commands and other information.
You open the door.
There is an open door here.
There is a staircase leading out of the dungeon here.
Are you sure you want to leave the Dungeon?
This will make you lose the game!
You have escaped!

##.#'###'# #.......
####### #.#.≈#≈.#
#.....##
......######.#.≈≈≈.#
#.....#
...##.##.....#.≈8≈.#
#######
....#.##.....#.....#
.##...##.....#♣...♣#
..#.####....>#P♣.♣P#
..#.# ###.##.##P.P##
#.#.# #...#..#P#@#P#
###.# #.###..##.♣.##
....# #.# #...#♣#♣#
..### #.# #####
..#####.#########
................#
................#
................#
.........)......#


There were no monsters in sight!

Vanquished Creatures
  3 ball pythons (D:1)
  A giant cockroach (D:1)
  A hobgoblin (D:1)
  7 jackals (D:1)
  A kobold (D:1)
  A bat (D:1)
  A frilled lizard (D:1)
  3 rats (D:1)
18 creatures vanquished.

Notes
Turn   | Place    | Note
-------+----------+-------------------------------------------
     0 | D:1      | dorian the Palentonga Fighter began the quest for the Orb.
     0 | D:1      | Reached XP level 1. HP: 19/19 MP: 1/1
   256 | D:1      | Reached XP level 2. HP: 25/25 MP: 2/2
   547 | D:1      | Found a faded altar of an unknown god.
   665 | D:1      | Prayed at the altar of an unknown god.
   665 | D:1      | Became a worshipper of Vehumet
   665 | D:1      | Reached * piety under Vehumet
   665 | D:1      | Offered knowledge of Shock by Vehumet.
   705 | D:$      | Got out of the dungeon alive.

Illustrated notes

Levels and vault maps discovered:
D:1:      tarquinn_simple_flora_water_d, layout_basic,
          ebering_ecumenical_altar_hall

Action                   || total
-------------------------++-------
Melee: War axe           ||    59
       Tailslap          ||     2
Armor: Scale mail        ||    35
Dodge: Dodged            ||    17
Block: Buckler           ||    14
